 Dungeon Crawl Stone Soup version 0.17-a0-2231-gd80ca38 (webtiles) character file.

26 Gingerlord the Insei (level 3, -2/20 HPs)
             Began as a Vine Stalker Monk on Nov 2, 2015.
             Slain by Natasha (5 damage)
             ... on level 2 of the Dungeon.
             The game lasted 00:02:10 (836 turns).

Gingerlord the Insei (Vine Stalker Monk)             Turns: 836, Time: 00:02:10

Health: -2/20      AC:  2    Str: 13    XL:     3   Next: 8%
Magic:  0/4        EV: 13    Int: 11    God:
Gold:   63         SH:  0    Dex: 16    Spells: 0 memorised, 2 levels left

rFire  . . .     SeeInvis .       - Unarmed
rCold  . . .     Clarity  .     a - +0 robe
rNeg   . . .     SustAt   .     (no shield)
rPois  .         Gourm    .     (no helmet)
rElec  .         Spirit   +     (no cloak)
rCorr  .         Warding  .     (no gloves)
rMut   .         Stasis   .     (no boots)
MR     .....                    (no amulet)
Stlth  ++........               (no ring)
                                (no ring)

@: not resistant to hostile enchantments, unstealthy
A: fangs 2, regeneration 1, magic shield, antimagic bite, no device heal 3, rot
immunity
a: no special abilities


You were on level 2 of the Dungeon.
You were not hungry.

You visited 1 branch of the dungeon, and saw 2 of its levels.

You collected 63 gold pieces.

Inventory:

Armour
 a - a +0 robe (worn)
Wands
 l - a wand of confusion (34)
Scrolls
 e - 3 scrolls of identify {unknown}
 g - 2 scrolls of remove curse {unknown}
 i - 2 scrolls of immolation {unknown}
 j - a scroll of enchant weapon {unknown}
Potions
 c - a potion of resistance {unknown}
 d - a potion of magic {unknown}
 f - a potion of cancellation {unknown}
 h - a potion of haste {unknown}
Comestibles
 b - a bread ration
 k - a slice of pizza
 m - a meat ration


   Skills:
 + Level 3.0 Fighting
 + Level 1.0 Armour
 + Level 2.6 Dodging
 - Level 2.4 Stealth
 + Level 4.2 Unarmed Combat


You had 2 spell levels left.
You didn't know any spells.

Dungeon Overview and Level Annotations

Branches:
Dungeon (2/15)

Altars:
Xom
The Shining One

Annotations:
D:2 Natasha, Sigmund


Innate Abilities, Weirdness & Mutations

You have extremely sharp teeth.
Your natural rate of healing is unusually fast.
When hurt, damage is shared between your health and your magic reserves.
Your bite disrupts and absorbs the magic of your enemies.
Potions and wands cannot restore your health.
You are immune to rotting.


Message History

You see here a ring mail.
There is an open door here.
Natasha mumbles some strange words.
Natasha claws you.
You closely miss Natasha. Your bite misses Natasha.
Natasha is moderately wounded.
Natasha closely misses you.
You hit Natasha but do no damage. Your bite misses Natasha.
Natasha is moderately wounded.
Natasha closely misses you.
You closely miss Natasha. You punch Natasha. Your bite misses Natasha.
Natasha is moderately wounded.
Natasha casts a spell at you. The magic dart hits you!
* * * LOW HITPOINT WARNING * * *
You hit Natasha but do no damage. Your bite misses Natasha.
Natasha is moderately wounded.
The shadow imp summons a swarm of flies.
Natasha claws you!
You die...

#######5..# #...# #...#
#...# #5h[########.#
##########...##.....#.#
.............'.5..#.#.#
@...######...##h#.#.#.#
. #...##@#.#.#.#
#...##.#.#.#.#####
#...##.#.#.#.#...#
#...##.#.#...#.#.#
######.#.......#.# .
#.#########.#####. ..#
######....... ###
#............
#............


You could see Natasha and a shadow imp.

Vanquished Creatures
  A giant gecko (D:1)
  6 bats
  3 giant cockroaches
  A goblin (D:1)
  3 hobgoblins (D:1)
  2 jackals (D:1)
  A giant newt (D:1)
  2 kobolds
  2 rats (D:1)
21 creatures vanquished.

Notes
Turn   | Place    | Note
--------------------------------------------------------------
     0 | D:1      | Gingerlord the Vine Stalker Monk began the quest for the Orb.
     0 | D:1      | Reached XP level 1. HP: 11/11 MP: 2/2
    88 | D:1      | Reached XP level 2. HP: 16/16 MP: 3/3
   206 | D:1      | Found a shimmering altar of Xom.
   543 | D:1      | Reached skill level 1 in Armour
   579 | D:2      | Reached XP level 3. HP: 17/19 MP: 2/4
   595 | D:2      | Found a glowing golden altar of the Shining One.
   647 | D:2      | Noticed Sigmund
   780 | D:2      | Noticed Natasha
   836 | D:2      | Slain by Natasha

Vault maps used:
D:1:      noname_arrival_rooms_in_the_neighbourhood, xom_teletrap_fun
D:2:      nicolae_overflow_hidden_temple, uniq_natasha, uniq_sigmund

Action                   || total
-------------------------++-------
Melee: Unarmed           ||    76
 Stab: Sleeping          ||     5
